cohdb
Replays
Latest Replays
All Replays
Popular Replays
Top Player Replays
Match Explorer
How It Works
Community
CoH3 Stats
Reddit
Sign in to upload your games and track your stats! →
Sign in with Steam
Match 42275559
Unlisted
Match 42275559
Overview
Messages
Build Orders
End
Construct Infanterie Kompanie
Selects Italian Coastal Battlegroup
Selects Coastal Reserves
Coastal Reserve
MG 42 Machine Gun Team
Coastal Reserve
Medical Station
Coastal Reserve
Selects Artillery Officer
Construct Panzergrenadier Kompanie
MG 42 Bunker
251 Medium Carrier
Selects Support Bunkers
Medical Bunker
Anti-tank Bunker
Support Elements
Selects Rapid Fortifications
Rapid Fortifications
Nebelwerfer 42 Rocket Launcher Team
Rapid Fortifications
MG 42 Bunker
StuG III G Assault Gun
Rapid Fortifications
Selects Bulwark
StuG III G Assault Gun
Rapid Fortifications
Repair Bunker
Nebelwerfer 42 Rocket Launcher Team
Repair Bunker
Rapid Fortifications
Pinhead Larry
Marowi
Not Emily Willis™
fuk white ppl
Sterben
kamacura
TheDRex
Goonsader
0
0
Comments
sign in to comment!
No comments posted yet!